 Dungeon Crawl Stone Soup version 0.28.0 (webtiles) character file.

Game seed: 17611655416842789982

2049 pkoi the Frost Mage (level 9, -12/62 HPs)
             Began as a White Draconian Ice Elementalist on Feb 16, 2022.
             Was a Believer of Vehumet.
             Mangled by an ogre (25 damage)
             ... on level 6 of the Dungeon.
             The game lasted 00:12:32 (10191 turns).

pkoi the Frost Mage (DrIE)                         Turns: 10191, Time: 00:12:32

Health: -12/62     AC:  7    Str: 17    XL:     9   Next: 4%
Magic:  14/17      EV: 12    Int: 19    God:    Vehumet [**....]
Gold:   347        SH:  0    Dex: 12    Spells: 12/19 levels left

rFire   . . .      SeeInvis .   o - +2 short sword (venom)
rCold   + . .      Faith    .   (no shield)
rNeg    . . .      Spirit   .   (armour unavailable)
rPois   .          Reflect  .   (helmet restricted)
rElec   .          Harm     .   w - scarf {+Inv}
rCorr   .          Rampage  .   (no gloves)
Will    .....                   (no boots)
Stlth   ++........              (no amulet)
HPRegen 0.20/turn               g - +6 ring of strength
MPRegen 0.15/turn               (no ring)

@: freezing walls
A: breathe frost, AC +7, unfitting armour, cold resistance 1, cold-blooded
a: Breathe Frost, Renounce Religion, Evoke Invisibility


You were on level 6 of the Dungeon.
You worshipped Vehumet.
Vehumet was pleased with you.
You visited 2 branches of the dungeon, and saw 7 of its levels.
You also visited: Sewer and Ossuary.

You collected 347 gold pieces.

Inventory:

Hand Weapons
 a - a +0 short sword
 o - a +2 short sword of venom (weapon)
 y - a +0 shortbow
Missiles
 d - 85 arrows
 p - a throwing net
Armour
 i - a +1 cloak
 w - a scarf of invisibility (worn)
Jewellery
 g - a +6 ring of strength (left hand)
Wands
 k - a wand of digging (8)
 q - a wand of flame (7)
 t - a wand of mindburst (21)
Scrolls
 j - a scroll of magic mapping {unknown}
 l - 2 scrolls of enchant weapon
 v - 2 scrolls of identify
 x - 3 scrolls of teleportation
 A - a scroll of fog
Potions
 b - 4 potions of degeneration {unknown}
 c - a potion of mutation
 e - 2 potions of brilliance
 f - a potion of attraction
 h - 4 potions of invisibility
 m - 3 potions of resistance {unknown}
 n - 4 potions of haste {unknown}
 r - 3 potions of berserk rage
 s - 3 potions of curing {unknown}
 u - a potion of flight
 z - a potion of cancellation


   Skills:
 - Level 1.7 Dodging
 - Level 1.7 Stealth
 + Level 5.6 Spellcasting
 + Level 13.1 Ice Magic


You had 12 spell levels left.
You knew the following spells:

 Your Spells              Type           Power      Damage    Failure   Level
a - Freeze                Ice            100%       1d11      1%          1
b - Frozen Ramparts       Ice            100%       1d12      1%          3
c - Ozocubu's Armour      Ice            53%        N/A       1%          3

Your spell library contained the following spells:

 Spells                   Type           Power      Damage    Failure   Level
 Foxfire                  Conj/Fire      20%        2x1d5     12%         1
 Hailstorm                Conj/Ice       30%        3d8       8%          4
 Malign Gateway           Summ/Tloc      2%         N/A       100%        7
 Summon Horrible Things   Summ           2%         N/A       100%        8


Dungeon Overview and Level Annotations

Branches:
Dungeon (6/15)             Temple (1/1) D:4           Sewer (visited)
Ossuary (visited)

Altars:
Ashenzari
Cheibriados
Dithmenos
Fedhas
Hepliaklqana
Kikubaaqudgha
Makhleb
Okawaru
Trog
Vehumet
Wu Jian
Xom
Yredelemnul
Zin
The Shining One


Innate Abilities, Weirdness & Mutations

You can breathe waves of freezing cold which knock back foes.
Your icy white scales are hard. (AC +7)
You cannot fit into any form of body armour.
Your flesh is cold resistant. (rC+)
You are cold-blooded and may be slowed by cold attacks.


Message History

The orc hits you with a +0 hand axe.
You hit the orc.
You kill the orc!
Vehumet accepts your kill.
HP restored.
Things that are here:
a +0 hand axe; a +0 leather armour
d - 85 arrows (gained 1)
An iguana comes into view.
Found a potion of invisibility.
You closely miss the iguana.
Your tail-slap misses the iguana.
The iguana bites you.
You puncture the iguana!
The iguana is poisoned.
You tail-slap the iguana.
The iguana is heavily wounded.
The iguana closely misses you.
You barely miss the iguana.
Your tail-slap misses the iguana.
The iguana is severely wounded.
You kill the iguana!
Vehumet accepts your kill.
You see here an iguana corpse.
h - 4 potions of invisibility (gained 1)
v - 2 scrolls of identify (gained 1)
An ogre comes into view. It is wielding a +0 giant spiked club.
Found 11 gold pieces.
The ogre shouts!
The ogre hits you with a +0 giant spiked club!!
* * * LOW HITPOINT WARNING * * *
You hit the ogre but do no damage.
The ogre is poisoned.
You tail-slap the ogre.
The ogre is lightly wounded.
The ogre hits you with a +0 giant spiked club!!
* * * LOW HITPOINT WARNING * * *
Casting: Frozen Ramparts (safe; 1% risk of failure)
Confirm with . or Enter, or press ? or * to list all spells.
Casting: Frozen Ramparts (safe; 1% risk of failure)
Press: ? - help, Dir - look around, f - activate The walls around you are covered in ice.
The wall freezes the ogre.
The ogre hits you with a +0 giant spiked club!!
You die...

######...###.#......$.
.......#.##..........###
......##.##............##
......##................#
.........# #............
....(..#.# #............
.)..>.##.# ##............
.....###)# #.............
####...#.###.#.#@O.#...
######...##....#####
...####...#..#######
##...###.....#.....#
..##.##.............
#...................
####.#.............. #
#.#..............
#.#..............


You could see an ogre (very poisoned).

Vanquished Creatures
  Eustachio (D:4)
  Edmund (D:5)
  2 ice beasts
  A necrophage (D:4)
  3 ogres
  A centaur (D:6)
  3 kobold brigands (Sewer)
  An elf zombie (Ossuary)
  A gnoll sergeant (D:6)
  A scorpion (D:6)
  2 centaur zombies
  2 human zombies (Ossuary)
  2 orc priests (D:6)
  Crazy Yiuf (D:3)
  A jelly (D:5)
  A centaur skeleton (D:5)
  An iguana (D:6)
  3 orc wizards
  2 hound zombies (Ossuary)
  A hound skeleton (D:4)
  3 mummies (Ossuary)
  8 gnolls
  A howler monkey skeleton (D:4)
  8 adders
  A river rat (Sewer)
  A white imp (D:4)
  An adder zombie (Ossuary)
  2 adder skeletons (D:4)
  5 worms
  4 dart slugs
  9 orcs
  4 bats
  9 endoplasms
  4 giant cockroaches
  3 goblins
  8 hobgoblins
  A jackal (D:4)
  8 quokkas
  12 ball pythons
  2 frilled lizards
  A gnoll zombie (Ossuary)
  4 goblin zombies (Ossuary)
  2 hobgoblin zombies (Ossuary)
  6 jackal zombies (Ossuary)
  12 kobolds
  2 kobold zombies (Ossuary)
  An orc zombie (Ossuary)
  4 quokka zombies (Ossuary)
  11 rats
  5 rat zombies (Ossuary)
173 creatures vanquished.

Vanquished Creatures (others)
  An adder (D:6)
1 creature vanquished.

Grand Total: 174 creatures vanquished

Notes
Turn   | Place    | Note
-------+----------+-------------------------------------------
     0 | D:1      | pkoi the Draconian Ice Elementalist began the quest for the
                  | Orb.
     0 | D:1      | Reached XP level 1. HP: 14/14 MP: 3/3
   329 | D:1      | Reached XP level 2. HP: 20/20 MP: 1/5
   513 | D:1      | Found a faded altar of an unknown god.
  1337 | D:2      | Reached skill level 5 in Ice Magic
  1338 | D:2      | Reached XP level 3. HP: 23/26 MP: 1/6
  1723 | D:2      | Learned a level 3 spell: Frozen Ramparts
  3097 | D:3      | Found a glowing drain.
  3127 | Sewer    | Entered a sewer
  3240 | Sewer    | Reached XP level 4. HP: 28/33 MP: 2/7
  3368 | Sewer    | Noticed a kobold brigand
  3486 | Sewer    | Killed a kobold brigand
  3487 | Sewer    | Reached skill level 6 in Ice Magic
  3487 | Sewer    | Reached XP level 5. HP: 38/38 MP: 1/8
  3852 | Sewer    | Reached skill level 7 in Ice Magic
  4524 | Sewer    | Reached XP level 6. HP: 37/45 MP: 5/9
  5026 | D:3      | Found a runed translucent door.
  5027 | D:3      | Noticed Crazy Yiuf
  5587 | D:3      | Killed Crazy Yiuf
  5720 | D:4      | Reached skill level 8 in Ice Magic
  5950 | D:4      | Your scales start taking on an icy white colour.
  5950 | D:4      | Reached skill level 10 in Ice Magic
  5950 | D:4      | Reached XP level 7. HP: 50/50 MP: 6/10
  5950 | D:4      | Gained mutation: Your flesh is cold resistant. (rC+) [White
                  | Draconian growth]
  6047 | D:4      | Noticed Eustachio
  6056 | D:4      | Killed Eustachio
  6057 | D:4      | Reached skill level 11 in Ice Magic
  6355 | D:4      | Found a blossoming altar of Fedhas.
  6587 | D:4      | Identified the +2 chain mail of Pantheism {rF+ rC+++ Dex-3}
  6994 | D:4      | Learned a level 3 spell: Ozocubu's Armour
  7170 | D:4      | Found a staircase to the Ecumenical Temple.
  7184 | D:5      | Entered Level 5 of the Dungeon
  7203 | Temple   | Entered the Ecumenical Temple
  7496 | Temple   | Became a worshipper of Vehumet
  7544 | D:5      | Noticed Edmund
  7655 | D:5      | Found a sand-covered staircase.
  7663 | Ossuary  | Entered an ossuary
  8032 | Ossuary  | Reached XP level 8. HP: 52/57 MP: 12/12
  8112 | Ossuary  | Reached * piety under Vehumet
  8112 | Ossuary  | Offered knowledge of Shock by Vehumet.
  8507 | D:5      | Reached skill level 12 in Ice Magic
  8800 | D:5      | Killed Edmund
  9210 | D:5      | Found a hazy altar of Hepliaklqana.
  9309 | D:6      | Reached skill level 5 in Spellcasting
  9646 | D:6      | Offered knowledge of Foxfire by Vehumet.
  9657 | D:6      | Reached ** piety under Vehumet
  9659 | D:6      | Reached skill level 13 in Ice Magic
  9953 | D:6      | Reached XP level 9. HP: 62/62 MP: 17/17
 10191 | D:6      | Mangled by an ogre

Illustrated notes

Levels and vault maps discovered:
D:1:      dpeg_arrival_fog, layout_loops_cross, basic_ecumenical_altar
D:2:      layout_basic, hangedman_decor_peaks_small, grunt_ministairs_8,
          nicolae_underground_beach
D:3:      layout_basic, portal_sewer_entry_f, uniq_crazy_yiuf_cottage
D:4:      layout_loops_ring, mainiacjoe_overflow_paths, temple_statues,
          kennysheep_potato, uniq_eustachio
D:5:      layout_loops_ring, nicolae_hepliaklqana_hippocampus,
          nicolae_ossuary_entry_plus, st_stairs_3, uniq_edmund
D:6:      layout_rooms, nicolae_ru_sacrificial_ziggurat,
          guppyfry_early_elven_hall, uniq_duvessa, uniq_menkaure
Temple:   oiseaux_autumnal_temple

Skill      XL: |  1  2  3  4  5  6  7  8 |
---------------+-------------------------+-----
Ice Magic      | 5 6 7 10 11 13 | 13.1
Spellcasting   | 5 |  5.6
Dodging        | |  1.7
Stealth        | |  1.7

Action                   |  1- 3 |  4- 6 |  7- 9 || total
-------------------------+-------+-------+-------++-------
Melee: Short sword       |    58 |    76 |   311 ||   445
       Tailslap          |     4 |     8 |    53 ||    65
       Punch             |     1 |       |     5 ||     6
 Fire: Shortbow          |       |       |     3 ||     3
 Cast: Freeze            |    59 |     6 |       ||    65
       Frozen Ramparts   |     1 |    17 |    13 ||    31
  Use: Scroll            |       |     5 |    11 ||    16
 Stab: Sleeping          |     1 |     3 |     5 ||     9
Armor: Skin              |    25 |    25 |   117 ||   167
Dodge: Dodged            |    65 |    52 |   227 ||   344
